 Dungeon Crawl Stone Soup version 0.20.0 (webtiles) character file.

9 AlphabetPasta the Caller (level 2, -1/13 HPs)
             Began as a Spriggan Summoner on May 30, 2017.
             Slain by a leopard gecko (4 damage)
             ... on level 1 of the Dungeon.
             The game lasted 00:02:52 (588 turns).

AlphabetPasta the Caller (Spriggan Summoner)         Turns: 588, Time: 00:02:52

Health: -1/13      AC:  2    Str:  4    XL:     2   Next: 3%
Magic:  2/6        EV: 18    Int: 16    God:
Gold:   34         SH:  0    Dex: 16    Spells: 5/6 levels left

rFire    . . .     SeeInvis +   e - +0 short sword
rCold    . . .     Gourm    .   (shield restricted)
rNeg     . . .     Faith    .   a - +0 robe
rPois    .         Spirit   .   (helmet restricted)
rElec    .         Reflect  .   (no cloak)
rCorr    .         Harm     .   (gloves unavailable)
MR       .....                  (boots unavailable)
Stlth    ++........             f - amulet of inaccuracy (curse)
Regen    0.1/turn               (no ring)
MPRegen  0.1/turn               (no ring)

@: very quick
A: unfitting armour, see invisible, herbivore 3, speed 3, slow metabolism 2
a: no special abilities


You were on level 1 of the Dungeon.
You were not hungry.

You visited 1 branch of the dungeon, and saw 1 of its levels.

You collected 34 gold pieces.

Inventory:

Hand Weapons
 d - a +0 mace
 e - a +0 short sword (weapon)
 g - a +0 hunting sling
Missiles
 h - 35 stones (quivered)
Armour
 a - a +0 robe (worn)
Jewellery
 f - a cursed amulet of inaccuracy (around neck)
Books
 b - a book of Callings

   Spells                             Type                      Level
   a - Summon Small Mammal            Summoning                    1
   b - Call Imp                       Summoning                    2
   c - Call Canine Familiar           Summoning                    3
   d - Summon Guardian Golem          Hexes/Summoning              3
   e - Summon Lightning Spire         Summoning/Air                4
   f - Summon Ice Beast               Ice/Summoning                4
Comestibles
 c - a bread ration


   Skills:
 + Level 0.1 Fighting
 * Level 0.9 Short Blades
 + Level 0.0 Slings
 + Level 3.3 Dodging
 - Level 3.0 Stealth
 + Level 2.8 Spellcasting
 * Level 3.3 Summonings


You had 5 spell levels left.
You knew the following spells:

 Your Spells              Type           Power        Failure   Level  Hunger
a - Summon Small Mammal   Summ           ##..         4%          1    #......


Dungeon Overview and Level Annotations

Branches:
Dungeon (1/15)

Altars:


Innate Abilities, Weirdness & Mutations

You are very small and have problems with some larger weapons.
You are too small for most types of armour.
You have supernaturally acute eyesight. (SInv)
You are a herbivore.
You cover ground extremely quickly.
You need consume almost no food.


Message History

The leopard gecko closely misses you. The giant cockroach barely misses you.
You hit the giant cockroach.
You kill the giant cockroach!
You have reached level 2!
The leopard gecko completely misses you.
You closely miss the leopard gecko.
The leopard gecko is moderately wounded.
The leopard gecko misses you.
Your quokka completely misses the leopard gecko.
You closely miss the leopard gecko.
The leopard gecko is moderately wounded.
The leopard gecko closely misses you.
Your quokka barely misses the leopard gecko.
The leopard gecko barely misses you.
You closely miss the leopard gecko.
Your quokka bites the leopard gecko.
The leopard gecko misses you.
You barely miss the leopard gecko.
The leopard gecko is almost dead.
Your quokka misses the leopard gecko. The leopard gecko bites you.
You die...

#.# #l# #.....#.##### #.# #.#
#.....#...... #.# #.#
#.....######. #.# #.#####..<..#
#. #.# #....######## #. #.#
####r# #. #.# #..#.# #. #.#
#..#.### #. #.# #.@#...# #. #.#
#lr###.###### #. ######.#
#...........# #. .......#
#.####.###.#######. ########
#......# #.......†.
#################################
.................................
#################################


You could see a leopard gecko and a friendly quokka.

Vanquished Creatures
  3 giant cockroaches (D:1)
  2 goblins (D:1)
  2 frilled lizards (D:1)
  A rat (D:1)
8 creatures vanquished.

Notes
Turn   | Place    | Note
-------+----------+-------------------------------------------
     0 | D:1      | AlphabetPasta the Spriggan Summoner began the quest for the Orb.
     0 | D:1      | Reached XP level 1. HP: 9/9 MP: 5/5
   584 | D:1      | Reached XP level 2. HP: 3/13 MP: 2/6
   588 | D:1      | Slain by a leopard gecko

Action                   || total
-------------------------++-------
Melee: Short sword       ||    40
       Unarmed           ||     2
 Cast: Summon Small Mamm ||     6
  Use: Scroll            ||     1
 Stab: Sleeping          ||     1
Armor: Robe              ||     1
Dodge: Dodged            ||    41
